 Dungeon Sprint DCSS version 0.21.1-1-g345015f (webtiles) character file.

3875 Psiloshibe the Fencer (level 10, -1/144 (147) HPs)
             Began as a Barachi Berserker on Mar 18, 2018.
             Was a High Priest of Trog.
             Succumbed to a death drake's dark miasma
             ... in the Dungeon (Sprint II: "The Violet Keep of Menkaure").
             The game lasted 00:07:09 (1384 turns).

Psiloshibe the Fencer (Barachi Berserker)           Turns: 1384, Time: 00:07:09

HP:   -1/144 (147)  AC: 19    Str: 34    XL:     10   Next: 19%
MP:   10/10         EV:  9    Int:  7    God:    Trog [*****.]
Gold: 459           SH: 21    Dex: 10    Spells: 9/9 levels left

rFire    . . .     SeeInvis .   a - +0 falchion
rCold    . . .     Gourm    .   b - +0 large shield
rNeg     . . .     Faith    .   k - +7 chain mail "Trusted Companion" {Str+10 Dex-5}
rPois    .         Spirit   .   l - +0 hat
rElec    .         Reflect  +   (no cloak)
rCorr    .         Harm     .   (no gloves)
MR       ++...     NoTele   +   (no boots)
Stlth    ..........             z - +5 amulet of reflection
HPRegen  1.34/turn              (no ring)
MPRegen  0.12/turn              (no ring)

@: berserking (expiring), lethally poisoned (-1 -> -45), regenerating, slowed,
slow
A: +LOS, swims, slowness 1, strong legs 1
a: Hop, Berserk, Trog's Hand, Brothers in Arms, Burn Spellbooks, Renounce
Religion


You were in the Dungeon.
You worshipped Trog.
Trog was extremely pleased with you.
You were very hungry.

You visited 1 branch You collected 978 gold pieces.
You spent 519 gold pieces at shops.

Inventory:

Hand Weapons
 a - a +0 falchion (weapon)
Missiles
 n - 6 tomahawks (quivered)
 s - 7 javelins
Armour
 b - a +0 large shield (worn)
 k - the +7 chain mail "Trusted Companion" (worn) {Str+10 Dex-5}
   (You bought it in a shop in the Dungeon)

   It affects your strength (+10).
   It affects your dexterity (-5).
 l - a +0 hat (worn)
Jewellery
 j - the ring "Ysiosafi" {Str+3 Dex+3}
   (You bought it in a shop in the Dungeon)

   [ring of dexterity]

   It affects your strength (+3).
   It affects your dexterity (+3).
 z - a +5 amulet of reflection (around neck)
Scrolls
 i - a scroll of blinking
 p - 2 scrolls of remove curse
 q - a scroll of immolation {unknown}
 t - a scroll of enchant weapon {unknown}
 w - a scroll of fear {unknown}
 x - a scroll of enchant armour {unknown}
 y - a scroll of amnesia {unknown}
 A - a scroll of fog {unknown}
 B - a scroll of identify {unknown}
Potions
 d - a potion of curing
 e - 3 potions of heal wounds
 f - a potion of haste
 g - 5 potions of magic
 h - 2 potions of berserk rage
 m - 4 potions of flight {unknown}
 o - 3 potions of resistance {unknown}
 r - a potion of brilliance {unknown}
 u - a potion of degeneration {unknown}
 v - a potion of invisibility {unknown}
Comestibles
 c - 4 rations
 C - 18 chunks of flesh


   Skills:
 + Level 15.8 Fighting
 + Level 16.0 Long Blades
 + Level 11.8 Armour
 + Level 8.6 Dodging
 + Level 1.6 Stealth
 + Level 3.5 Shields


You had 9 spell levels left.
You didn't know any spells.

Dungeon Overview and Level Annotations

Branches:
Dungeon (1/1)

Altars:
Cheibriados
Dithmenos
Elyvilon
Fedhas
Gozag
Hepliaklqana
Kikubaaqudgha
Makhleb
Nemelex Xobeh
Okawaru
Ru
Sif Muna
Trog
Uskayaw
Vehumet
Xom
Yredelemnul
Zin
Beogh
Jiyva
Lugonu

Shops:
D ::?[=}[!}(%=!=(!

Annotations:
D exclusion: oklob plant


Innate Abilities, Weirdness & Mutations

Shadows flee at your approach. (+LOS)
You can swim through water.
You cover ground slowly.
You can hop short distances.


Message History

The swamp drake is engulfed in dark miasma.
You block the swamp drake's attack. The death drake bites you.
* * * LOW HITPOINT WARNING * * *
The swamp drake is engulfed in dark miasma.
The swamp drake dies!
You miss the death drake.
The death drake is almost dead.
You are engulfed in dark miasma.
You are more poisoned.
You feel as though you will be slow longer.
* * * LOW HITPOINT WARNING * * *
x2 You feel very sick.
The flying skull barely misses you.
The swamp drake is engulfed in dark miasma.
The swamp drake bites you but does no damage.
You block the death drake's attack.
Unknown command.
You hit the death drake.
The death drake is almost dead.
You die...

≈≈.... .. .. k#}[▓))).... ≈≈≈.##
##.. #. k#[§▓)...... ≈≈≈##.
.##.#### +.##k#|)▓((..... ≈≈≈#.w
w. ...# ...####▓....... ≈### .#$
###..## #..##.#▓)..)... ##.###+#
#.##..# +..#..#▓...)[..
#.).##.###..#§.# #..#†.#▓.).=...
'.#.'.<.'.##§§§####..##)#▓.(.(...
#...##.###..#§.k@###...##▓▓▓▓▓▓▓'
##.###'###.##§.†zk.≈≈≈≈≈≈≈≈÷≈≈≈≈.
≈####.#.####≈≈.....≈#+########'##
≈≈≈#.###.#≈≈≈≈≈§§.§≈#_._.....#≈≈≈
+#≈##.#.##≈≈≈≈§§§≈§≈#._._....#§§§
≈≈##+##≈§≈§§§≈≈§≈≈#_._._...#§§§
≈≈≈§≈≈§≈≈≈≈≈≈§§§≈#._._._..#≈§§
++#§§'#§§≈≈≈§§≈≈#_._._._.#≈§≈
.§§§##§§≈###§§#._._._._#§§§


You could see a death drake, a swamp drake and a flying skull.

Vanquished Creatures
  A merfolk siren (D)
  A yaktaur (D)
  A hornet (D)
  3 polar bears (D)
  2 hippogriffs (D)
  11 flying skulls (D)
  4 crocodiles (D)
  4 worker ants (D)
27 creatures vanquished.

Vanquished Creatures (others)
  Menkaure (D)
  A swamp drake (D)
  A crocodile (D)
  8 tentacles (D)
11 creatures vanquished.

Grand Total: 38 creatures vanquished

Notes
Turn   | Place    | Note
-------+----------+-------------------------------------------
     0 | D        | Psiloshibe the Barachi Berserker began the quest for the Orb.
     0 | D        | Reached XP level 1. HP: 18/18 MP: 1/1
     1 | D        | Noticed a tyrant leech
     1 | D        | Noticed a tyrant leech
     5 | D        | Noticed a merfolk siren
     9 | D        | Noticed a hippogriff
     9 | D        | Noticed a hippogriff
    13 | D        | Noticed a worker ant
    13 | D        | Noticed a worker ant
    16 | D        | Killed a worker ant
    16 | D        | Reached skill level 5 in Fighting
    16 | D        | Reached skill level 5 in Long Blades
    16 | D        | Reached XP level 2. HP: 27/27 MP: 2/2
    16 | D        | Reached XP level 3. HP: 33/33 MP: 3/3
    19 | D        | Reached skill level 6 in Long Blades
    25 | D        | Killed a crocodile
   117 | D        | Reached ** piety under Trog
   117 | D        | Reached XP level 4. HP: 41/41 MP: 4/4
   122 | D        | Reached skill level 7 in Long Blades
   182 | D        | Killed a hippogriff
   182 | D        | Reached skill level 10 in Long Blades
   182 | D        | Reached skill level 5 in Armour
   182 | D        | Reached skill level 5 in Dodging
   182 | D        | Reached XP level 5. HP: 53/53 MP: 5/5
   182 | D        | Reached XP level 6. HP: 60/60 MP: 6/6
   186 | D        | Killed a hippogriff
   186 | D        | Reached skill level 10 in Fighting
   186 | D        | Reached skill level 11 in Long Blades
   186 | D        | Reached XP level 7. HP: 67/67 MP: 7/7
   269 | D        | Killed a merfolk siren
   269 | D        | Reached *** piety under Trog
   269 | D        | Reached skill level 12 in Long Blades
   393 | D        | Found Rubufrom's Distillery.
   393 | D        | Found Usolan's Distillery.
   393 | D        | Found Ineerujo's Jewellery Shop.
   393 | D        | Found Tyschu's Gadget Boutique.
   393 | D        | Found Fequmo Waixo's Gadget Boutique.
   393 | D        | Found Yqif's Jewellery Shop.
   393 | D        | Found Veyveunaa's Distillery.
   393 | D        | Found Suxkuzxius's Food Shop.
   393 | D        | Found Egyips's Antique Armour Boutique.
   393 | D        | Found Duofoval's Antique Armour Boutique.
   394 | D        | Found Ushong's Magic Scroll Shop.
   394 | D        | Found Rany's Book Boutique.
   394 | D        | Found Ytiriatt's Jewellery Shop.
   394 | D        | Noticed a shining eye
   395 | D        | Noticed a shining eye
   396 | D        | Found Etuth's Antique Weapon Boutique.
   396 | D        | Found Xidazaox's Antique Weapon Shop.
   396 | D        | Noticed a shining eye
   397 | D        | Found Qytirgh's Book Shoppe.
   397 | D        | Noticed an oklob plant
   400 | D        | Noticed a redback
   401 | D        | Noticed a redback
   403 | D        | Noticed Menkaure
   403 | D        | Noticed a manticore
   411 | D        | Bought the ring "Ysiosafi" {Str+3 Dex+3} for 377 gold pieces
   423 | D        | Bought a jewelled chain mail for 142 gold pieces
   433 | D        | Identified the +7 chain mail "Trusted Companion" {Str+10 Dex-5} (You bought it in a shop in the Dungeon)
   454 | D        | Reached skill level 13 in Long Blades
   454 | D        | Reached XP level 8. HP: 67/76 MP: 8/8
   473 | D        | Noticed a flying skull
   473 | D        | Noticed a flying skull
   473 | D        | Noticed a flying skull
   473 | D        | Noticed a flying skull
   473 | D        | Noticed a flying skull
   473 | D        | Noticed a flying skull
   474 | D        | Noticed a flying skull
   487 | D        | Found an iron altar of Okawaru.
   487 | D        | Found a radiant altar of Vehumet.
   487 | D        | Found a glowing silver altar of Zin.
   488 | D        | Found a sparkling altar of Nemelex Xobeh.
   488 | D        | Found a hide-covered altar of Uskayaw.
   488 | D        | Noticed a flying skull
   489 | D        | Found a basalt altar of Yredelemnul.
   509 | D        | Killed a flying skull
   520 | D        | Killed a flying skull
   545 | D        | Killed a flying skull
   545 | D        | Reached **** piety under Trog
   545 | D        | Reached skill level 14 in Long Blades
   553 | D        | Killed a flying skull
   563 | D        | Noticed a flying skull
   572 | D        | Killed a flying skull
   592 | D        | Killed a flying skull
   592 | D        | Reached XP level 9. HP: 32/87 MP: 9/9
   761 | D        | Found an opulent altar of Gozag.
   761 | D        | Found a burning altar of Makhleb.
   761 | D        | Found a bloodstained altar of Trog.
   790 | D        | Reached skill level 15 in Long Blades
   804 | D        | Reached skill level 1 in Stealth
   956 | D        | Found a blossoming altar of Fedhas.
   956 | D        | Found a corrupted altar of Lugonu.
   956 | D        | Found a deep blue altar of Sif Muna.
   957 | D        | Found a shimmering altar of Xom.
   970 | D        | Reached skill level 10 in Armour
   973 | D        | Found a white marble altar of Elyvilon.
   973 | D        | Found an ancient bone altar of Kikubaaqudgha.
   973 | D        | Found a sacrificial altar of Ru.
   974 | D        | Found a shadowy altar of Dithmenos.
   974 | D        | Found a viscous altar of Jiyva.
   975 | D        | Found a snail-covered altar of Cheibriados.
   975 | D        | Found a hazy altar of Hepliaklqana.
   976 | D        | Found a roughly hewn altar of Beogh.
   996 | D        | Noticed a kraken
  1178 | D        | Reached ***** piety under Trog
  1178 | D        | Reached skill level 15 in Fighting
  1284 | D        | Noticed a yaktaur
  1284 | D        | Noticed a hornet
  1284 | D        | Noticed a polar bear
  1285 | D        | Noticed a polar bear
  1294 | D        | Killed a polar bear
  1294 | D        | Reached skill level 1 in Shields
  1295 | D        | Noticed a polar bear
  1299 | D        | Killed a polar bear
  1305 | D        | Killed a yaktaur
  1305 | D        | Reached XP level 10. HP: 97/97 MP: 10/10
  1321 | D        | Reached skill level 16 in Long Blades
  1328 | D        | Killed Menkaure
  1361 | D        | Noticed a death drake
  1362 | D        | Noticed a death drake
  1383 | D        | HP: 6/144 [death drake] (6)]
  1383 | D        | HP: 2/144 [poisoned by a death drake (dark miasma)]
  1384 | D        | Succumbed to a death drake's dark miasma

Skill      XL: |  1  2  3  4  5  6  7  8  9 10 |
---------------+-------------------------------+-----
Fighting       | 5 6 9 10 12 14 15 | 15.8
Long Blades    | 5 6 10 11 13 14 15 16 | 16.0
Armour         | 3 5 6 7 8 11 | 11.8
Dodging        | 3 5 6 7 8 |  8.6
Stealth        | 1 |  1.6
Shields        | 2 3 |  3.5

Action                   |  1- 3 |  4- 6 |  7- 9 | 10-12 || total
-------------------------+-------+-------+-------+-------++-------
Melee: Falchion          |     7 |    12 |   185 |    28 ||   232
Invok: Berserk           |     2 |     1 |     2 |     1 ||     6
       Trog's Hand       |       |     1 |     4 |     1 ||     6
 Abil: Hop               |       |       |     2 |       ||     2
  Use: Scroll            |       |       |     1 |       ||     1
       Potion            |       |       |       |     1 ||     1
  Eat: Chunk             |       |       |     4 |     1 ||     5
       Ration            |       |       |     1 |       ||     1
Armor: Animal skin       |       |     4 |       |       ||     4
       Chain mail        |       |       |    67 |    32 ||    99
Dodge: Dodged            |     4 |     6 |    51 |    13 ||    74
Block: Large shield      |       |       |    27 |    47 ||    74
       Rpst.: Falchion   |     1 |       |    17 |     3 ||    21
